 Dungeon Crawl Stone Soup version 0.29.1 (webtiles) character file.

Game seed: 16195983248036028691

742 RascalDebosk the Chopper (level 7, -3/62 HPs)
             Began as a Minotaur Berserker on Sept 14, 2022.
             Was a Priest of Trog.
             Succumbed to a gnoll's poison
             ... on level 5 of the Dungeon.
             The game lasted 00:22:45 (5307 turns).

RascalDebosk the Chopper (Minotaur Berserker)       Turns: 5307, Time: 00:22:46

Health: -3/62      AC: 11    Str: 21    XL:     7   Next: 47%
Magic:  6/6        EV:  8    Int:  6    God:    Trog [***...]
Gold:   229        SH:  0    Dex: 10    Spells: 6/6 levels left

rFire   + . .      SeeInvis .   a - +0 hand axe
rCold   + . .      Faith    .   (no shield)
rNeg    . . .      Spirit   .   p - +0 chain mail
rPois   .          Reflect  .   (helmet restricted)
rElec   .          Harm     .   (no cloak)
rCorr   .          Rampage  .   f - +0 pair of gloves
Will    ++...                   (no boots)
Stlth   ..........              (no amulet)
HPRegen 1.20/turn               l - ring of protection from cold
MPRegen 0.10/turn               g - ring of protection from fire

@: lethally poisoned (-3 -> -17), strong-willed, on berserk cooldown,
regenerating, slowed, very slow
A: horns 2, retaliatory headbutt
a: Renounce Religion, Berserk, Trog's Hand


You were on level 5 of the Dungeon.
You worshipped Trog.
Trog was most pleased with you.
You visited 2 branches of the dungeon, and saw 6 of its levels.

You collected 229 gold pieces.

Inventory:

Hand Weapons
 a - a +0 hand axe (weapon)
Missiles
 e - 6 poisoned darts (quivered)
Armour
 f - a +0 pair of gloves (worn)
 p - a +0 chain mail (worn)
Jewellery
 g - a ring of protection from fire (right hand)
 l - a ring of protection from cold (left hand)
Scrolls
 b - 2 scrolls of identify
 i - a scroll of vulnerability {unknown}
Potions
 d - 5 potions of haste
 h - a potion of lignification {unknown}
 k - a potion of flight {unknown}
 n - a potion of curing
 o - a potion of heal wounds {unknown}
 q - a potion of degeneration {unknown}
 s - 2 potions of magic {unknown}
 t - a potion of resistance {unknown}
 u - a potion of might {unknown}


   Skills:
 + Level 5.6 Fighting
 + Level 5.7 Axes
 + Level 3.3 Throwing
 + Level 5.0 Armour
 - Level 2.4 Dodging
 + Level 3.0 Evocations


You had 6 spell levels left.
You didn't know any spells.
Your spell library was empty.

Dungeon Overview and Level Annotations

Branches:
Dungeon (5/15)             Temple (1/1) D:4

Altars:
Dithmenos
Fedhas
Gozag
Hepliaklqana
Kikubaaqudgha
Okawaru
Ru
Sif Muna
Vehumet
Xom
Yredelemnul
Zin

Annotations:
D:5 Eustachio


Innate Abilities, Weirdness & Mutations

You have a pair of horns on your head.
You reflexively headbutt those who attack you in melee.


Message History

You feel very sick.
As you read the scroll of fog, it crumbles to dust.
The scroll dissolves into smoke.
You feel very sick. The gnoll hits you but does no damage.
The gnoll hits you from afar with a +0 spear of venom. x2
You are more poisoned.
The gnoll hits you but does no damage.
You feel better.
The gnoll hits you from afar with a +0 spear of venom.
You are poisoned.
The gnoll hits you but does no damage.
Your skin crawls.
You feel strong-willed.
You feel very sick.
The gnoll hits you from afar with a +0 spear.
The gnoll hits you but does no damage.
You are more poisoned.
Eustachio gestures wildly while chanting.
The gnoll hits you from afar with a +0 spear of venom.
* * * LOW HITPOINT WARNING * * *
You are more poisoned.
The gnoll barely misses you.
You hit Eustachio but do no damage. Your headbutt misses Eustachio.
You hit the river rat.
You feel extremely sick. Eustachio hits you with a +0 rapier!
* * * LOW HITPOINT WARNING * * *
The gnoll hits you from afar with a +0 spear of venom.
* * * LOW HITPOINT WARNING * * *
The gnoll barely misses you.
The river rat bites you but does no damage.
The gnoll hits you but does no damage.
You are more poisoned.
Eustachio hits you with a +0 rapier.
* * * LOW HITPOINT WARNING * * *
The gnoll closely misses you.
You barely miss Eustachio. You hit the rat.
You hit the river rat but do no damage.
You die...

*,,,,,,,,,,,,,,,,,,,,,,,#....
****+*##+#########+##*+###....
*,,,,,.........).....,,.......
*,,,,,........................
*,,,,,........................
*,,,,,........................
*,,,,,..@.§5§5§g..............
*,,,,,5..5§5@rrg.....,........
*############@##########......
#.........#§§§§§......#......
#.........#§§§§§......#......
#.........#...........#......
#.........#...........#..)...
#.........#...........#......
##..#.....##...###....#......
#..#_#.)..##...###....#......
#...#.................#......


You could see Eustachio (empowered), an iron imp (summoned), 2 gnolls, a crimson
imp (summoned), a river rat (summoned), a shadow imp (summoned) and a rat
(summoned).

Vanquished Creatures
  An ogre (D:5)
  A scorpion (D:5)
  4 hounds
  2 jellies (D:5)
  2 iguanas
  Terence (D:3)
  6 orc wizards
  Robin (D:3)
  2 gnolls (D:5)
  6 adders
  2 ufetubi (D:4)
  2 dart slugs
  6 orcs
  4 bats
  10 endoplasms
  2 giant cockroaches
  14 goblins
  14 hobgoblins
  6 jackals
  4 kobolds
  4 quokkas
  4 ball pythons
  5 frilled lizards
  4 rats
107 creatures vanquished.

Vanquished Creatures (others)
  A ball python (D:4)
1 creature vanquished.

Grand Total: 108 creatures vanquished

Notes
Turn   | Place    | Note
-------+----------+-------------------------------------------
     0 | D:1      | RascalDebosk the Minotaur Berserker began the quest for the
                  | Orb.
     0 | D:1      | Reached XP level 1. HP: 19/19 MP: 0/0
   168 | D:1      | Reached XP level 2. HP: 27/27 MP: 1/1
   604 | D:1      | Reached ** piety under Trog
   605 | D:1      | Reached XP level 3. HP: 33/33 MP: 2/2
  1066 | D:2      | Reached skill level 1 in Throwing
  1066 | D:2      | Reached skill level 1 in Evocations
  1416 | D:2      | Reached XP level 4. HP: 40/40 MP: 3/3
  1837 | D:3      | Noticed Terence
  1846 | D:3      | Killed Terence
  2303 | D:3      | Noticed Robin
  2319 | D:3      | Killed Robin
  2320 | D:3      | Reached XP level 5. HP: 47/47 MP: 4/4
  2765 | D:4      | Reached *** piety under Trog
  3369 | D:4      | Reached XP level 6. HP: 8/55 MP: 5/5
  3448 | D:4      | Found a sand-covered staircase.
  3656 | D:4      | Reached skill level 5 in Axes
  3688 | D:4      | Reached skill level 5 in Fighting
  3907 | D:4      | Found a staircase to the Ecumenical Temple.
  4190 | Temple   | Entered the Ecumenical Temple
  4448 | D:5      | Entered Level 5 of the Dungeon
  4737 | D:5      | Reached XP level 7. HP: 41/61 MP: 6/6
  5255 | D:5      | Found an iron altar of Okawaru.
  5295 | D:5      | Noticed Eustachio
  5301 | D:5      | Reached skill level 5 in Armour
  5306 | D:5      | HP: 3/62 [Eustachio/+0 rapier (1)]
  5307 | D:5      | Succumbed to a gnoll's poison

Illustrated notes

Levels and vault maps discovered:
D:1:      tarquinn_simple_flora_water_b, layout_basic
D:2:      layout_basic
D:3:      layout_loops_cross, grunt_ministairs_12, uniq_robin, uniq_terence
D:4:      layout_basic, lemuel_temple_firewalk_a, enter_ossuary_2
D:5:      layout_gridville, okawaru_metal_pillars_1_2, uniq_menkaure,
          uniq_eustachio, uniq_crazy_yiuf_cottage
Temple:   grunt_temple_mini_profane

Skill      XL: |  1  2  3  4  5  6  7 |
---------------+----------------------+-----
Fighting       | 4 5 |  5.6
Axes           | 4 5 |  5.7
Armour         | 3 4 5 |  5.0
Throwing       | 1 2 3 |  3.3
Evocations     | 1 2 3 |  3.0
Dodging        | |  2.4

Action                   |  1- 3 |  4- 6 |  7- 9 || total
-------------------------+-------+-------+-------++-------
Melee: Hand axe          |    79 |   205 |    23 ||   307
       Headbutt          |    15 |    19 |     7 ||    41
       Punch             |       |     2 |     1 ||     3
Throw: Dart              |       |     2 |     1 ||     3
Invok: Berserk           |       |     3 |     2 ||     5
       Trog's Hand       |       |       |     1 ||     1
  Use: Scroll            |       |     6 |     1 ||     7
       Potion            |       |       |     1 ||     1
Armor: Animal skin       |     2 |       |       ||     2
       Leather armour    |    20 |     1 |       ||    21
       Chain mail        |       |   146 |    18 ||   164
       Ring mail         |       |     4 |       ||     4
Dodge: Dodged            |    44 |    84 |    14 ||   142
